 Dungeon Crawl Stone Soup version 0.25-a0-566-g062765be81 (webtiles) character file.

Game seed: 17667960099329825184, levelgen mode: deterministic

362 Flugslaktarn the Covered (level 6, -1/57 HPs)
             Began as a Deep Dwarf Fighter on Feb 27, 2020.
             Slain by an ice beast (12 damage)
             ... on level 5 of the Dungeon.
             The game lasted 00:01:11 (1575 turns).

Flugslaktarn the Covered (Deep Dwarf Fighter)       Turns: 1575, Time: 00:01:12

Health: -1/57      AC:  9    Str: 22    XL:     6   Next: 39%
Magic:  5/5        EV:  4    Int:  8    God:
Gold:   119        SH: 15    Dex: 12    Spells: 5/5 levels left

rFire    . . .     SeeInvis .   a - +0 war axe
rCold    . . .     Gourm    .   r - +0 tower shield
rNeg     . . .     Faith    .   j - +0 chain mail
rPois    .         Spirit   .   (no helmet)
rElec    .         Reflect  .   (no cloak)
rCorr    .         Harm     .   (no gloves)
MR       .....                  (no boots)
Stlth    ..........             (no amulet)
HPRegen  0.00/turn              (no ring)
MPRegen  0.09/turn              (no ring)

@: non-regenerating
A: damage resistance, heal wounds, sense surroundings 1, no regeneration
a: Heal Wounds


You were on level 5 of the Dungeon.
You were not hungry.

You visited 1 branch of the dungeon, and saw 5 of its levels.

You collected 119 gold pieces.

Inventory:

Hand Weapons
 a - a +0 war axe (weapon)
Armour
 b - a +0 scale mail
 c - a +0 kite shield
 j - a +0 chain mail (worn)
   (You found it on level 4 of the Dungeon)
 r - a +0 tower shield (worn)
   (You found it on level 5 of the Dungeon)
Scrolls
 f - a scroll of fog {unknown}
 h - 2 scrolls of identify {unknown}
 i - 2 scrolls of enchant weapon {unknown}
 m - 2 scrolls of blinking {unknown}
 n - a scroll of teleportation {unknown}
 q - a scroll of fear {unknown}
 s - a scroll of enchant armour {unknown}
Potions
 d - a potion of might
 g - 2 potions of resistance {unknown}
 k - a potion of haste {unknown}
 l - a potion of flight {unknown}
 p - a potion of heal wounds {unknown}
 t - a potion of lignification {unknown}
Comestibles
 e - 7 rations
 o - 4 chunks of flesh


   Skills:
 + Level 4.0 Fighting
 + Level 4.1 Axes
 + Level 4.8 Armour
 + Level 4.8 Shields


You had 5 spell levels left.
You didn't know any spells.
Your spell library was empty.

Dungeon Overview and Level Annotations

Branches:
Dungeon (5/15)
 Temple: D:4-7

Altars:
Cheibriados
Hepliaklqana
Trog
Vehumet


Innate Abilities, Weirdness & Mutations

You are resistant to damage.
You can heal yourself by infusing magical energy.
You passively map a small area around you.
You do not regenerate.


Message History

You slash the ice beast!
The sky beast flickers out of sight!
Deactivating autopickup; reactivate with Ctrl-A.
Something hits you but does no damage.
The ice beast hits you but does no damage.
Something hits you but does no damage.
Your shield prevents you from hitting something.
You hit the ice beast but do no damage. The ice beast hits you.
The ice beast freezes you! Something hits you but does no damage.
The ice beast hits you. The ice beast freezes you!
* * * LOW HITPOINT WARNING * * *
You barely miss something. You barely miss the ice beast.
A sky beast appears from thin air!
Reactivating autopickup.
You block the sky beast's attack.
The ice beast hits you but does no damage.
The sky beast barely misses you.
You closely miss the sky beast.
The sky beast is moderately wounded.
You hit the ice beast. The ice beast hits you. The ice beast freezes you!
You die...

* * * * ..,, * , , *
#.# #, * * * #.###.* *
, #.##.#### ### *
#.##....## #.. *
#.##Y.?..#.# ## #.# *
##.##@Y...... , .# #.#
#.........#.# .# #.#
#..###.[.## .# #(#
#........# *, .# #.#
#.######.# *
.#####.#####.######.#
.....................
.......####.#.......##
######## #.##.##### *
,


You could see an ice beast and a sky beast.

Vanquished Creatures
  A sky beast (D:5)
  A centaur zombie (D:4)
  A hound (D:4)
  A centaur skeleton (D:4)
  2 orc wizards (D:4)
  2 worker ants (D:4)
  A hound skeleton (D:4)
  2 adders
  An adder skeleton (D:5)
  2 dart slugs
  A leopard gecko (D:4)
  6 orcs
  3 giant cockroaches
  A goblin (D:2)
  A hobgoblin (D:1)
  7 jackals
  A quokka (D:2)
  2 frilled lizards
  A kobold (D:1)
  A leopard gecko skeleton (D:4)
  2 rats
40 creatures vanquished.

Notes
Turn   | Place    | Note
-------+----------+-------------------------------------------
     0 | D:1      | Flugslaktarn the Deep Dwarf Fighter began the quest for the
                  | Orb.
     0 | D:1      | Reached XP level 1. HP: 20/20 MP: 1/1
   152 | D:2      | Reached XP level 2. HP: 25/27 MP: 2/2
   219 | D:3      | Reached XP level 3. HP: 27/34 MP: 3/3
   276 | D:4      | Reached XP level 4. HP: 17/42 MP: 4/4
   684 | D:4      | Found a radiant altar of Vehumet.
   803 | D:4      | Found a hazy altar of Hepliaklqana.
   894 | D:4      | Reached XP level 5. HP: 26/49 MP: 5/5
   908 | D:4      | Found a snail-covered altar of Cheibriados.
  1138 | D:4      | Found a bloodstained altar of Trog.
  1409 | D:5      | Entered Level 5 of the Dungeon
  1427 | D:5      | Reached XP level 6. HP: 57/57 MP: 5/5
  1491 | D:5      | Noticed a sky beast
  1500 | D:5      | Killed a sky beast
  1553 | D:5      | Noticed a sky beast
  1565 | D:5      | Noticed an ice beast
  1575 | D:5      | Slain by an ice beast

Levels and vault maps discovered:
D:1:      lemuel_arrival_room, layout_loops_ring, minmay_unequal
D:2:      layout_loops_ring
D:3:      layout_loops_ring, nicolae_qazlal_general_emergency, tso_oasis_becter,
          okawaru_gym_becter, old_standard_altar, first_ration,
          item_on_display_a
D:4:      layout_basic, bloody_trog, lemuel_coloured_pillars_altar,
          marbit_many_paths, nicolae_overflow_hidden_temple, eino_tiny_chamber,
          hangedman_abyss_or_decor_lesser_grid
D:5:      layout_loops_ring, lemuel_crystal_altar, uniq_ijyb

Skill      XL: |  1  2  3  4  5  6 |
---------------+-------------------+-----
Fighting       | 3 4 |  4.0
Axes           | 3 4 |  4.1
Armour         | 4 |  4.8
Shields        | 4 |  4.8

Action                   |  1- 3 |  4- 6 || total
-------------------------+-------+-------++-------
Melee: War axe           |    66 |   143 ||   209
 Abil: Heal Wounds       |       |     4 ||     4
  Eat: Chunk             |       |     3 ||     3
Armor: Scale mail        |    34 |     1 ||    35
       Chain mail        |       |    92 ||    92
Dodge: Dodged            |    22 |    18 ||    40
Block: Kite shield       |    36 |    63 ||    99
       Tower shield      |       |     9 ||     9

Table legend:
 A = Non-vault XP
 B = Vault XP
 C = Vault XP percentage of total XP
 D = Non-vault monster count
 E = Vault monster count
 F = Vault count percentage of total count
                 A         B        C        D         E       F
            +---------+---------+-------+---------+---------+-------
      Total |     483 |      35 |   6.8 |      39 |       1 |   2.5
            +---------+---------+-------+---------+---------+-------
        D:1 |      10 |       0 |   0.0 |       5 |       0 |   0.0
        D:2 |      27 |       0 |   0.0 |       7 |       0 |   0.0
        D:3 |      15 |       0 |   0.0 |       2 |       0 |   0.0
        D:4 |     285 |      35 |  10.9 |      16 |       1 |   5.9
        D:5 |     146 |       0 |   0.0 |       9 |       0 |   0.0
            +---------+---------+-------+---------+---------+-------
